 Dungeon Crawl Stone Soup version 0.18.0-1-g0107ab7 (webtiles) character file.

15892 Peloso the Blocker (level 12, -3/107 HPs)
             Began as a Minotaur Fighter on May 5, 2016.
             Was a High Priest of Okawaru.
             Killed from afar by a frost giant (30 damage)
             ... with a bolt of cold
             ... in an ice cave.
             The game lasted 00:35:12 (10834 turns).

Peloso the Blocker (Minotaur Fighter)              Turns: 10834, Time: 00:35:13

Health: -3/107     AC: 19    Str: 28    XL:     12   Next: 5%
Magic:  11/11      EV: 11    Int:  5    God:    Okawaru [*****.]
Gold:   538        SH: 15    Dex: 13    Spells: 0 memorised, 11 levels left

rFire  . . .     SeeInvis .     i - +3 long sword (curse)
rCold  . . .     Gourm    .     k - +0 chain mail
rNeg   . . .     Faith    .     c - +1 shield
rPois  .         Spirit   .     (helmet restricted)
rElec  .         Dismiss  .     (no cloak)
rCorr  .         Reflect  .     I - +0 pair of gloves
SustAt .         Harm     .     (no boots)
MR     .....                    (no amulet)
Stlth  ..........               K - +6 ring of protection
                                v - +5 ring of strength

@: not resistant to hostile enchantments, extremely unstealthy
A: retaliatory headbutt, horns 2
a: Heroism, Finesse, Renounce Religion


You were in an ice cave.
You worshipped Okawaru.
Okawaru was extremely pleased with you.
You were hungry.

You visited 3 branches of the dungeon, and saw 13 of its levels.
You also visited: Ice Cave.

You collected 837 gold pieces.
You spent 299 gold pieces at shops.

Inventory:

Hand Weapons
 a - a +1 long sword
 i - a cursed +3 long sword (weapon)
 O - the +4 great sword "Bovel" {drain, Int-5 Dex+3}
   (You bought it in a shop on level 7 of the Dungeon)

   A truly terrible weapon, it drains the life of those it strikes.
   It affects your intelligence (-5).
   It affects your dexterity (+3).
Armour
 c - a +1 shield (worn)
 k - a +0 chain mail (worn)
 A - the +0 ring mail of the Villain {-Cast Int+3}
   (Okawaru gifted it to you in an ice cave)

   It affects your intelligence (+3).
   It prevents spellcasting.
 I - a +0 pair of gloves (worn)
Jewellery
 v - a +5 ring of strength (left hand)
 x - an uncursed ring of see invisible
 C - an uncursed ring of positive energy
 G - an uncursed ring of wizardry
 K - a +6 ring of protection (right hand)
Wands
 z - a wand of iceblast (1/15)
 M - a wand of slowing (24/48)
 N - a wand of polymorph (12/24)
Scrolls
 j - 2 scrolls of teleportation
 s - 4 scrolls of amnesia
 u - 2 scrolls of fog
 y - a scroll of enchant armour
 B - 8 scrolls of remove curse
 E - 4 scrolls of recharging
 H - a scroll of magic mapping
 L - 2 scrolls of identify
Potions
 d - a potion of might
 e - 3 potions of heal wounds
 g - 2 potions of berserk rage
 h - 4 potions of curing
 l - a potion of haste
 m - 4 potions of brilliance
 n - a potion of agility
 q - a potion of flight
 t - a potion of cancellation
 w - a potion of cure mutation {unknown}
 D - a potion of mutation {unknown}
 F - a potion of magic {unknown}
 J - 2 potions of lignification {unknown}
Miscellaneous
 b - a phantom mirror
Comestibles
 f - 7 bread rations
 o - 2 beef jerkies
 p - 6 chunks of flesh
 r - 4 meat rations


   Skills:
 + Level 10.3 Fighting
 + Level 11.3 Long Blades
 + Level 11.4 Armour
 + Level 6.0 Dodging
 + Level 1.5 Stealth
 + Level 13.0 Shields
 + Level 0.8 Invocations


You had 11 spell levels left.
You didn't know any spells.

Dungeon Overview and Level Annotations

Branches:
Dungeon (11/15)            Temple (1/1) D:6            Lair (1/8) D:9
    Orc (0/2) D:11

Altars:
Ashenzari
Cheibriados
Dithmenos
Elyvilon
Fedhas
Gozag
Kikubaaqudgha
Makhleb
Nemelex Xobeh
Okawaru
Pakellas
Qazlal
Ru
Sif Muna
Trog
Vehumet
Xom
Yredelemnul
Zin
The Shining One

Shops:
D:5 !   D:7 *(*?%   D:10 *


Innate Abilities, Weirdness & Mutations

You reflexively headbutt those who attack you in melee.
You have a pair of horns on your head.


Message History

The frost giant hits you with a battleaxe of freezing!
The frost giant freezes you.
You slash the frost giant!
The frost giant is severely wounded.
You completely miss the frost giant.
You headbutt the frost giant, but do no damage.
The frost giant is severely wounded.
The frost giant casts a spell at you. The bolt of cold hits you!
* * * LOW HITPOINT WARNING * * *
You barely miss the frost giant.
You headbutt the frost giant, but do no damage.
The frost giant is severely wounded.
The frost giant points at you and mumbles some strange words.
The bolt of cold misses you.
Drink which item? (? for menu, Esc to quit)
You feel much better. The frost giant casts a spell at you.
The bolt of cold hits you!
You die...

.C..
.hY#
Y..
h.##
.h# #Y#
##h#
#C##
#@##
#..#
##.#
##.#
###.##
##.#.#
#....#
#≈≈
##.#.##
≈≈≈≈
#.###.#


You could see a frost giant, 2 polar bears and a yak.

Vanquished Creatures
  A centaur warrior (D:11)
  The ghost of riffraff the Protected, a novice MiFi of Okawaru (D:8)
  A death yak (IceCv)
  An unseen horror (D:11)
  2 ugly things (D:11)
  Pikel (D:9)
  Joseph (D:9)
  A gargoyle (D:10)
  A tengu conjurer (D:11)
  9 polar bears (IceCv)
  16 yaks
  2 hippogriffs
  Grum (D:7)
  A steam dragon (D:11)
  A hungry ghost (D:8)
  A mottled dragon (D:11)
  Edmund (D:6)
  A water moccasin (D:10)
  2 orc warriors
  3 phantoms
  8 ice beasts (Lair:1)
  A black bear (D:9)
  2 sky beasts
  6 ogres
  2 crocodiles (D:9)
  13 wolves
  4 centaurs
  3 big kobolds
  5 giant frogs
  A water moccasin zombie (D:10)
  6 scorpions
  A water moccasin skeleton (D:7)
  4 killer bees (D:8)
  2 wights (D:11)
  8 howler monkeys
  3 crimson imps
  A quasit (D:6)
  4 orc priests
  A centaur skeleton (D:6)
  A hound (D:4)
  5 jellies
  3 orc wizards
  3 giant frog skeletons
  4 iguanas
  9 worker ants
  A killer bee zombie (D:11)
  3 hound skeletons
  4 gnolls (D:3)
  13 adders
  3 river rats (D:9)
  2 shadow imps
  2 oozes (D:2)
  An adder zombie (D:7)
  2 adder skeletons (D:9)
  2 worms (D:3)
  3 dart slugs
  3 giant geckos
  36 orcs
  6 giant cockroaches
  10 goblins
  6 hobgoblins
  18 jackals
  6 quokkas
  A ball python (D:4)
  16 bats
  8 giant newts
  A jackal skeleton (D:4)
  16 kobolds
  3 quokka skeletons
  12 rats
326 creatures vanquished.

Vanquished Creatures (others)
  A polar bear (IceCv)
  A wolf (IceCv)
  A river rat (D:9)
  A fungus (D:9)
4 creatures vanquished.

Grand Total: 330 creatures vanquished

Notes
Turn   | Place    | Note
--------------------------------------------------------------
     0 | D:1      | Peloso the Minotaur Fighter began the quest for the Orb.
     0 | D:1      | Reached XP level 1. HP: 19/19 MP: 0/0
    52 | D:1      | Reached XP level 2. HP: 23/27 MP: 1/1
    60 | D:1      | Reached skill level 4 in Shields
   278 | D:1      | Reached XP level 3. HP: 33/33 MP: 2/2
   632 | D:2      | Found a glowing golden altar of the Shining One.
   712 | D:2      | Found an opulent altar of Gozag.
   974 | D:2      | Reached XP level 4. HP: 41/41 MP: 3/3
  1399 | D:3      | Found a shattered altar of Ashenzari.
  1429 | D:3      | Found a basalt altar of Yredelemnul.
  1648 | D:3      | Found a sparkling altar of Nemelex Xobeh.
  1824 | D:3      | Reached skill level 5 in Shields
  1824 | D:3      | Reached XP level 5. HP: 31/47 MP: 4/4
  1830 | D:3      | Reached skill level 1 in Dodging
  1946 | D:3      | Reached skill level 5 in Fighting
  2156 | D:4      | Found a shadowy altar of Dithmenos.
  2249 | D:4      | Found a snail-covered altar of Cheibriados.
  2301 | D:4      | Reached XP level 6. HP: 52/56 MP: 5/5
  2555 | D:4      | Reached skill level 5 in Armour
  2629 | D:4      | Found a shimmering altar of Xom.
  3068 | D:5      | Entered Level 5 of the Dungeon
  3120 | D:5      | Reached skill level 6 in Shields
  3120 | D:5      | Reached XP level 7. HP: 54/63 MP: 6/6
  3265 | D:5      | Found Xozib's Distillery.
  3736 | D:6      | Reached skill level 5 in Long Blades
  3736 | D:6      | Reached XP level 8. HP: 57/71 MP: 7/7
  3774 | D:6      | Noticed Edmund
  3790 | D:6      | Killed Edmund
  3790 | D:6      | Reached skill level 7 in Shields
  4131 | D:6      | Found a staircase to the Ecumenical Temple.
  4198 | D:6      | Reached skill level 1 in Stealth
  4205 | Temple   | Entered the Ecumenical Temple
  4252 | Temple   | Became a worshipper of Warmaster Okawaru
  4380 | D:6      | Reached skill level 8 in Shields
  4567 | D:6      | Found a bloodstained altar of Trog.
  4628 | D:7      | Found Mira's Food Boutique.
  4710 | D:7      | Found Figy's Magic Scroll Shoppe.
  4714 | D:7      | Found Hejitem's General Store.
  4834 | D:7      | Reached * piety under Okawaru
  4834 | D:7      | Reached XP level 9. HP: 79/79 MP: 8/8
  4841 | D:7      | Found a glowing silver altar of Zin.
  5002 | D:7      | Found Rimn's Antique Weapon Emporium.
  5010 | D:7      | Found Inneamuc's Assorted Antiques.
  5013 | D:7      | Reached skill level 9 in Shields
  5039 | D:7      | Bought a brightly glowing great sword for 299 gold pieces
  5045 | D:7      | Lost intelligence.
  5045 | D:7      | Identified the +4 great sword "Bovel" {drain, Int-5 Dex+3} (You bought it in a shop on level 7 of the Dungeon)
  5206 | D:8      | Noticed riffraff's ghost (novice MiFi)
  5242 | D:8      | Killed riffraff's ghost
  5242 | D:8      | Reached ** piety under Okawaru
  5427 | D:8      | Noticed Grum
  5759 | D:7      | Killed Grum
  5759 | D:7      | Reached skill level 10 in Shields
  6055 | D:8      | Reached XP level 10. HP: 84/88 MP: 9/9
  6400 | D:8      | Reached *** piety under Okawaru
  6837 | D:9      | Noticed Joseph
  6848 | D:9      | Killed Joseph
  6968 | D:9      | Found a blossoming altar of Fedhas.
  7099 | D:9      | Noticed Pikel
  7113 | D:9      | Killed Pikel
  7113 | D:9      | Reached **** piety under Okawaru
  7113 | D:9      | Reached skill level 11 in Shields
  7146 | D:9      | Found a burning altar of Makhleb.
  7157 | D:9      | Found a staircase to the Lair.
  7373 | D:10     | Entered Level 10 of the Dungeon
  7480 | D:10     | Noticed a gargoyle
  7496 | D:10     | Killed a gargoyle
  7496 | D:10     | Reached skill level 10 in Armour
  7496 | D:10     | Reached skill level 5 in Dodging
  7530 | D:10     | Found Eqeinen's Assorted Antiques.
  8020 | D:11     | Noticed an unseen horror
  8043 | D:11     | Killed an unseen horror
  8043 | D:11     | Reached ***** piety under Okawaru
  8063 | D:11     | Noticed a green ugly thing
  8075 | D:11     | Killed a green ugly thing
  8075 | D:11     | Reached XP level 11. HP: 83/97 MP: 7/10
  8156 | D:11     | Found a staircase to the Orcish Mines.
  8183 | D:11     | Noticed a tengu warrior
  8185 | D:11     | Noticed a hill giant
  8533 | D:11     | Noticed a purple ugly thing
  8550 | D:11     | Killed a purple ugly thing
  8550 | D:11     | Reached skill level 10 in Long Blades
  8743 | D:11     | Noticed a four-headed hydra
  8808 | D:11     | Noticed a centaur warrior
  8819 | D:11     | Killed a centaur warrior
  9316 | Lair:1   | Entered Level 1 of the Lair of Beasts
  9316 | Lair:1   | Found a frozen archway.
  9340 | Lair:1   | Reached skill level 12 in Shields
  9630 | IceCv    | Entered an ice cave
  9893 | IceCv    | Received a gift from Okawaru
  9910 | IceCv    | Got a jewelled ring mail {god gift}
 10143 | IceCv    | Identified the +0 ring mail of the Villain {-Cast Int+3} (Okawaru gifted it to you in an ice cave)
 10335 | IceCv    | Reached skill level 10 in Fighting
 10789 | IceCv    | Noticed a frost giant
 10789 | IceCv    | Noticed a death yak
 10808 | IceCv    | Killed a death yak
 10808 | IceCv    | Reached skill level 13 in Shields
 10808 | IceCv    | Reached XP level 12. HP: 99/107 MP: 9/11
 10832 | IceCv    | HP: 5/107 [frost giant/bolt of cold (36)]
 10834 | IceCv    | Killed from afar by a frost giant

Skill      XL: |  1  2  3  4  5  6  7  8  9 10 11 |
---------------+----------------------------------+-----
Shields        | 4 5 6 8 10 11 13 | 13.0
Fighting       | 4 5 6 7 8 9 10 | 10.3
Armour         | 4 5 6 7 9 10 11 | 11.4
Long Blades    | 3 4 5 6 8 9 11 | 11.3
Dodging        | 1 2 3 5 6 |  6.0
Stealth        | 1 |  1.5
Invocations    | |  0.8

Action                   |  1- 3 |  4- 6 |  7- 9 | 10-12 || total
-------------------------+-------+-------+-------+-------++-------
Melee: Long sword        |    99 |   154 |   348 |   542 ||  1143
       Headbutt          |     9 |    33 |    85 |   148 ||   275
Invok: Heroism           |       |       |     1 |     9 ||    10
  Use: Scroll            |     6 |       |     1 |    18 ||    25
       Potion            |       |       |       |     2 ||     2
  Eat: Chunk             |       |     7 |     8 |    16 ||    31
       Beef jerky        |       |       |     1 |       ||     1
       Fruit             |       |       |       |     1 ||     1
Armor: Scale mail        |    41 |       |       |       ||    41
       Chain mail        |    33 |    70 |   139 |   191 ||   433
Dodge: Dodged            |    31 |    48 |    94 |   201 ||   374
Block: Shield            |    61 |   107 |   224 |   418 ||   810
